 Dungeon Crawl Stone Soup version 0.25-b1-46-gb8a1ec05df (webtiles) character file.

Game seed: 208492144021458079

299746 Vettrii the Unseen (level 20, -13/181 HPs)
             Began as a White Draconian Assassin on June 10, 2020.
             Was an Initiate of Gozag.
             Mangled by an ettin
             ... wielding a +0 dire flail
              (26 damage)
             ... on level 5 of the Vaults.
             The game lasted 02:45:37 (55745 turns).

Vettrii the Unseen (White Draconian Assassin)      Turns: 55745, Time: 02:45:39

Health: -13/181    AC: 21    Str: 18    XL:     20   Next: 15%
Magic:  37/37      EV: 26    Int: 17    God:    Gozag
Gold:   4877       SH: 14    Dex: 19    Spells: 15/45 levels left

rFire    . . .     SeeInvis .   C - +9 rapier (elec)
rCold    + + .     Gourm    .   z - +3 buckler {reflect}
rNeg     + + .     Faith    .   (armour unavailable)
rPois    .         Spirit   .   T - +2 hat
rElec    .         Reflect  +   b - +2 cloak {rC+}
rCorr    .         Harm     .   X - +2 pair of gloves {Str+3}
MR       ++...                  Z - +2 pair of boots {run}
Stlth    ++++++++..             H - amulet of reflection
HPRegen  0.40/turn              Y - ring of protection from magic
MPRegen  0.25/turn              E - ring "Impoxzets" {rN++ Int+4 Stlth+}

@: stab, very slightly contaminated, studying Shields, quick
A: breathe frost, unfitting armour, cold resistance 1, cold-blooded, AC +10
}: 2/15 runes: silver, gossamer
a: Breathe Frost, Potion Petition, Call Merchant, Bribe Branch, Renounce
Religion


You were on level 5 of the Vaults.
You worshipped Gozag.
Gozag was most pleased with you.
You were not hungry.

You visited 5 branches of the dungeon, and saw 32 of its levels.
You also visited: Ossuary, Gauntlet and Ice Cave.

You collected 18640 gold pieces.
You spent 2994 gold pieces at shops.
You paid 10769 gold pieces to Gozag.

Inventory:

Hand Weapons
 C - a +9 rapier of electrocution (weapon)
Missiles
 d - 14 curare-tipped darts (quivered)
 M - 2 atropa-tipped darts
Armour
 b - a +2 cloak of cold resistance (worn)
 z - a +3 buckler of reflection (worn)
 T - a +2 hat (worn)
 X - a +2 pair of gloves of strength (worn)
 Z - a +2 pair of boots of running (worn)
Jewellery
 i - an uncursed ring of see invisible
 o - an uncursed ring of resist corrosion
 E - the ring "Impoxzets" (right hand) {rN++ Int+4 Stlth+}
   (You took it off a deep elf annihilator on level 5 of the Vaults)

   [ring of stealth]

   It affects your intelligence (+4).
   It greatly protects you from negative energy.
   It makes you more stealthy.
 H - an amulet of reflection (around neck)
 P - an uncursed ring of poison resistance
 Q - an uncursed ring of protection from fire
 Y - a ring of protection from magic (left hand)
Wands
 a - a wand of paralysis (13)
 c - a wand of random effects (16)
 m - a wand of acid (12)
 p - a wand of iceblast (5)
 t - a wand of clouds (29)
 G - a wand of flame (67)
 I - a wand of disintegration (29)
 L - a wand of digging (16)
Scrolls
 e - 10 scrolls of amnesia
 j - 2 scrolls of enchant armour
 k - 5 scrolls of immolation
 l - 4 scrolls of blinking
 q - 16 scrolls of teleportation
 r - 7 scrolls of fear
 v - 2 scrolls of magic mapping
 y - 3 scrolls of enchant weapon
 J - 2 scrolls of vulnerability
 K - 12 scrolls of identify
 V - a scroll of brand weapon
 W - 10 scrolls of remove curse
Potions
 g - 4 potions of invisibility
 h - 7 potions of curing
 n - 5 potions of magic
 s - 7 potions of ambrosia
 u - 2 potions of haste
 w - 4 potions of might
 A - 2 potions of heal wounds
 B - 2 potions of berserk rage
 D - 8 potions of flight
 F - 9 potions of mutation
 N - 5 potions of resistance
 R - 4 potions of cancellation
Books
 O - a manual of Shields
Comestibles
 f - 30 rations


   Skills:
 + Level 16.2 Fighting
 - Level 14.0 Short Blades
 - Level 1.7 Throwing
 + Level 15.9 Dodging
 + Level 17.8 Stealth
 - Level 4.0 Shields
 * Level 13.0 Spellcasting
 - Level 0.4 Conjurations
 * Level 10.7 Hexes
 + Level 1.0 Translocations
 + Level 0.1 Air Magic


You had 15 spell levels left.
You knew the following spells:

 Your Spells              Type           Power        Failure   Level  Hunger
a - Ensorcelled Hibernat  Hex/Ice        ####..       1%          2    None
b - Corona                Hex            #####..      1%          1    None
c - Dazzling Flash        Conj/Hex       ####..       1%          3    None
d - Passwall              Tmut/Erth      ##......     10%         2    None
e - Blink                 Tloc           N/A          6%          2    None
f - Mephitic Cloud        Conj/Pois/Air  ##......     17%         3    None
g - Petrify               Tmut/Erth      ##......     52%         4    ##.....
h - Dragon Form           Tmut           ##........   100%        7    #######
i - Invisibility          Hex            #####...     12%         6    ######.

Your spell library contained the following spells:

 Spells                   Type           Power        Failure   Level  Hunger
 Slow                     Hex            #####...     1%          2    None
 Confusing Touch          Hex            #####...     1%          3    None
 Inner Flame              Hex/Fire       ####....     1%          3    None
 Tukima's Dance           Hex            #####...     1%          3    None
 Cause Fear               Hex            #####.....   1%          4    ##.....
 Apportation              Tloc           ##....       4%          1    None
 Magic Dart               Conj           ##..         5%          1    None
 Beastly Appendage        Tmut           ##....       6%          1    None
 Foxfire                  Conj/Fire      ##..         6%          1    None
 Sandblast                Erth           ##....       6%          1    None
 Summon Butterflies       Summ           ##......     6%          1    None
 Shroud of Golubria       Chrm/Tloc      ##....       8%          2    None
 Corpse Rot               Necr/Air       N/A          9%          2    None
 Call Imp                 Summ           ##......     10%         2    None
 Sticks to Snakes         Tmut           ##......     10%         2    None
 Sublimation of Blood     Necr           ##........   10%         2    None
 Gell's Gravitas          Tloc           ##........   12%         3    None
 Lesser Beckoning         Tloc           ##........   12%         3    None
 Teleport Other           Tloc           ##......     12%         3    None
 Conjure Flame            Conj/Fire      ##......     17%         3    None
 Stone Arrow              Conj/Erth      ##....       17%         3    None
 Spider Form              Tmut/Pois      ##........   19%         3    None
 Metabolic Englaciation   Hex/Ice        ####......   19%         5    ####...
 Yara's Violent Unravell  Hex/Tmut       ####......   19%         5    ####...
 Passage of Golubria      Tloc           N/A          38%         4    ##.....
 Dispel Undead            Necr           ##......     52%         4    ##.....
 Ice Form                 Ice/Tmut       ##......     52%         4    ##.....
 Summon Forest            Summ/Tloc      ##........   80%         5    ####...
 Irradiate                Conj/Tmut      ##........   85%         5    ####...
 Iskenderun's Battlesphe  Conj/Chrm      ##......     85%         5    ####...
 Agony                    Necr           ##......     86%         5    ####...
 Alistair's Intoxication  Tmut/Pois      ##......     86%         5    ####...
 Blade Hands              Tmut           ##........   86%         5    ####...
 Bolt of Magma            Conj/Fire/Erth ##........   86%         5    ####...
 Excruciating Wounds      Chrm/Necr      ##........   86%         5    ####...
 Lee's Rapid Deconstruct  Erth           ##........   86%         5    ####...
 Eringya's Noxious Bog    Tmut/Pois      ##........   100%        6    ######.
 Hydra Form               Tmut           ##........   100%        6    ######.
 Iron Shot                Conj/Erth      ##........   100%        6    ######.
 Statue Form              Tmut/Erth      ##.......    100%        6    ######.
 Orb of Destruction       Conj           ##........   100%        7    #######
 Ring of Flames           Chrm/Fire      ##........   100%        7    #######
 Spellforged Servitor     Conj/Summ      ##........   100%        7    #######
 Summon Hydra             Summ           ##........   100%        7    #######
 Dragon's Call            Summ           ##........   100%        9    #######


Dungeon Overview and Level Annotations

Branches:
Dungeon (15/15)            Temple (0/1) D:4            Lair (6/6) D:9
  Swamp (0/4) Lair:4       Spider (4/4) Lair:3        Slime (0/5) Lair:6
    Orc (2/2) D:9             Elf (0/3) Orc:2        Vaults (5/5) D:13
  Crypt (0/3) Vaults:2     Depths (0/5) D:15        Ossuary (visited)
  IceCv (visited)         Gauntlet (visited)

Altars:
Ashenzari
Dithmenos
Fedhas
Gozag
Makhleb
Trog
Xom
The Shining One
Beogh

Shops:
D:8 =   D:9 ?([   D:12 [   D:14 ?   Orc:2 *:}([[(   Vaults:5 (

Annotations:
D:8 2 transporters, kelmiir's ghost, novice OpTm
D:10 2 transporters, playitleo's ghost, journeyman GrFi


Innate Abilities, Weirdness & Mutations

You can breathe waves of freezing cold.
You can buffet flying creatures when you breathe cold.
Your icy white scales are hard. (AC +10)
You cannot fit into any form of body armour.
Your flesh is cold resistant. (rC+)
You are cold-blooded and may be slowed by cold attacks.


Message History

Throwing (i - inventory. (/) - cycle)
d - 15 curare-tipped darts (quivered)
Press: ? - help, Shift-Dir - straight line, f/p - ettin
Aim: an ettin, wielding two +0 dire flails (lightly wounded, very poisoned, slow)
You throw a curare-tipped dart. The curare-tipped dart hits the ettin.
The ettin looks as sick as possible!
The ettin convulses.
The ettin seems to be slow for longer.
The ettin is moderately wounded.
The ettin hits you but does no damage.
The ettin hits you with a +0 dire flail.
* * * LOW HITPOINT WARNING * * *
You puncture the ettin! You tail-slap the ettin.
The ettin is heavily wounded.
You hit the ettin but do no damage.
You tail-slap the ettin, but do no damage.
The ettin is heavily wounded.
The ettin hits you with a +0 dire flail!!!
* * * LOW HITPOINT WARNING * * *
The ettin hits you with a +0 dire flail!!
You die...
Your body crumbles into a pile of gold.

.§§§#########...##...#....##.....
§§.## ...........##..#....##...(.
..## ............#..#[...##..((#
.##$ #######..#..#..#....##.)..#
.# $ $ #..#..#..#....##....# .# $
$ #CC#$.#..#....##....# .#
[[%.[[$..#..#..#....##....#
#####...##C.#..#....##....#
....##.@.#..#....##....#
....##....#..#....##....# #
########.....#..#....##..... ##
................#....##..... .##
................#....###....
..##############.....#....###....
.......... ........#.......)##.
.......... .................###
####################.^........###


You could see an ettin (very poisoned, slow).

Vanquished Creatures
  An ancient lich (Vaults:5)
  2 golden dragons (Vaults:5)
  Arachne (Spider:2)
  Jorgrun (D:13)
  3 tentacled monstrosities (Vaults:5)
  A titan (Vaults:5)
  A quicksilver dragon (Vaults:5)
  Gastronok (Lair:1)
  A sphinx (Vaults:5)
  2 tengu reavers (Vaults:5)
  3 shadow dragons (Vaults:5)
  A deep elf sorcerer (Vaults:1)
  7 vault wardens
  3 frost giants
  2 orc warlords (Orc:2)
  6 emperor scorpions
  5 ghost moths
  2 very ugly things
  7 ironheart preservers
  2 stone giants
  2 entropy weavers
  Azrael (Spider:2)
  2 spark wasps (shapeshifter) (Vaults:5)
  A minotaur (shapeshifter) (Vaults:2)
  A dire elephant (Lair:2)
  A deep elf annihilator (Vaults:5)
  2 spark wasps (Spider:4)
  2 ettins
  A minotaur (Gauntlet)
  A crystal guardian (Vaults:5)
  2 fire dragons
  Josephine (D:10)
  2 deep elf death magi (Vaults:1)
  Snorg (D:11)
  A death ooze (Gauntlet)
  2 great orbs of eyes
  A death knight (Vaults:5)
  A rakshasa (Vaults:3)
  2 yaktaur captains
  2 deep elf high priests (Vaults:5)
  9 hydras
  2 ice dragons
  Erolcha (D:10)
  18 vault guards
  3 tengu warriors
  A catoblepas (Lair:6)
  A queen ant (Lair:2)
  26 two-headed ogres
  6 centaur warriors
  3 deep troll shamans
  A deep troll earth mage (Vaults:1)
  7 ogre magi
  2 orc high priests
  4 deep elf knights
  A shock serpent (shapeshifter) (Vaults:5)
  6 hell knights (Vaults:5)
  An unseen horror (shapeshifter) (Vaults:1)
  12 deep trolls
  4 unseen horrors
  5 wizards
  10 skeletal warriors
  8 ironbrand convokers
  8 orc knights
  A flayed ghost (Vaults:5)
  A swamp dragon (Lair:6)
  3 phantasmal warriors
  2 deep elf archers
  A swamp dragon (shapeshifter) (Vaults:5)
  Pikel (D:4)
  5 deep elf magi
  3 necromancers
  2 harpies (Vaults:3)
  2 orc sorcerers (Orc:2)
  24 ugly things
  A moth of wrath (Spider:3)
  27 wolf spiders
  8 cyclopes
  12 orb spiders
  3 oklob plants
  17 elephants (Lair:2)
  2 manticores
  4 black mambas (Lair:6)
  Joseph (D:8)
  7 vault sentinels
  A naga mage (D:15)
  3 gargoyles
  Maggie (D:7)
  4 rime drakes
  A yaktaur zombie (Vaults:1)
  A kobold demonologist (D:15)
  14 spiny frogs
  11 komodo dragons
  2 efreet
  22 yaktaurs
  12 demonic crawlers
  4 freezing wraiths
  3 tengu conjurers
  2 queen bees
  6 trolls
  24 jumping spiders
  28 polar bears
  A jumping spider (shapeshifter) (Vaults:1)
  A meliai (D:13)
  16 slime creatures
  A wolf spider simulacrum (D:14)
  4 tyrant leeches (Spider:3)
  8 hornets
  5 blink frogs
  2 hippogriffs (shapeshifter)
  Grinder (D:5)
  12 hippogriffs
  5 raiju (Lair:6)
  A human simulacrum (Vaults:1)
  Sigmund (D:5)
  A spriggan (Lair:2)
  43 redbacks
  8 wraiths
  53 yaks
  A shadow (D:12)
  20 tarantellas
  4 wyverns
  6 basilisks
  3 fire elementals (Spider:2)
  2 golden eyes (shapeshifter)
  2 steam dragons
  2 hungry ghosts
  A hog (shapeshifter) (Vaults:1)
  Menkaure (D:4)
  12 wargs
  2 swamp worms (Lair:4)
  6 soldier ants (Lair:2)
  9 water moccasins
  Duvessa (D:4)
  15 hell hounds
  A soldier ant (shapeshifter) (Vaults:1)
  7 acid dragons
  7 porcupines
  2 slaves (D:4)
  A swamp drake (Lair:6)
  An eye of draining (D:14)
  36 orc warriors
  2 sky beasts
  3 ice beasts
  A black bear (shapeshifter) (Vaults:2)
  3 phantoms
  2 hornet zombies
  12 black bears
  A necrophage (D:12)
  27 ogres
  30 wolves
  11 centaurs
  15 crocodiles
  Blork the orc (D:5)
  5 big kobolds
  14 bullfrogs
  4 earth elementals (Spider:3)
  An elf simulacrum (Vaults:1)
  2 wyvern zombies
  Dowan (D:4)
  3 scorpions
  A water moccasin skeleton (D:5)
  46 killer bees
  19 wights
  2 howler monkeys
  5 crimson imps
  2 quasits
  20 orc priests
  13 jellies
  4 centaur skeletons
  10 hounds
  35 orc wizards
  6 iguanas
  Jessica (D:3)
  A bullfrog skeleton (D:6)
  Natasha (D:4)
  36 worker ants
  2 hound skeletons
  12 adders
  3 shadow imps
  15 white imps
  2 oozes
  2 adder skeletons
  2 worms
  2 dart slugs
  7 leopard geckos
  94 orcs
  A ball python (D:7)
  5 giant cockroaches
  5 goblins
  6 hobgoblins
  13 jackals
  7 quokkas
  2 ball python skeletons (Ossuary)
  5 bats
  3 frilled lizards
  2 hobgoblin skeletons (Ossuary)
  17 kobolds
  An orc skeleton (Ossuary)
  2 orc zombies (Ossuary)
  5 rats
  2 bushes
  2 plants
1350 creatures vanquished.

Vanquished Creatures (collateral kills)
  A lich (Vaults:5)
  A sphinx (shapeshifter) (Vaults:5)
  A sphinx (Vaults:5)
  A storm dragon (Vaults:5)
  2 shadow dragons (Vaults:5)
  3 ironheart preservers
  2 stone giants
  2 very ugly things (Vaults:1)
  An entropy weaver (Vaults:3)
  2 yaktaur captains
  2 ogre magi
  5 vault guards
  A dancing weapon (Vaults:5)
  7 two-headed ogres
  A deep troll earth mage (Vaults:3)
  2 vampire magi (Vaults:2)
  A hell knight (Vaults:5)
  4 ironbrand convokers
  4 deep trolls
  A wizard (Vaults:2)
  3 deep elf archers (Vaults:4)
  2 harpies (Vaults:3)
  A phantasmal warrior (Vaults:5)
  An orc knight (Vaults:2)
  10 ugly things
  A wolf spider (Vaults:1)
  4 deep elf magi
  4 vault sentinels
  A freezing wraith (Vaults:1)
  2 yaktaurs
  A queen bee (shapeshifter) (Vaults:1)
  A slime creature (Vaults:2)
  A redback (Vaults:3)
  A wraith (Vaults:2)
  2 orc warriors
  A black bear (shapeshifter) (Vaults:4)
  An eye of draining (shapeshifter) (Vaults:1)
  6 ogres
  A centaur (Vaults:3)
  A human skeleton (Vaults:1)
  A centaur (shapeshifter) (Vaults:1)
  An orc (Vaults:2)
91 creatures vanquished.

Vanquished Creatures (others)
  A lich (Vaults:5)
  3 tentacled monstrosities (Vaults:5)
  A sphinx (Vaults:5)
  3 tengu reavers (Vaults:5)
  A fire giant (Vaults:5)
  6 vault wardens
  A deep elf elementalist (Vaults:5)
  4 ironheart preservers
  5 stone giants
  2 deep elf demonologists (Vaults:5)
  2 deep elf annihilators
  An ettin (Vaults:3)
  A fire dragon (shapeshifter) (Vaults:5)
  3 centaur warriors
  10 yaktaur captains
  6 vault guards (Vaults:5)
  3 ogre magi
  3 two-headed ogres
  A dancing weapon (Vaults:5)
  3 deep troll shamans
  A deep elf knight (Vaults:4)
  A hell knight (Vaults:5)
  6 deep trolls
  7 ironbrand convokers
  2 deep elf magi
  2 orc knights
  An orc sorcerer (Vaults:4)
  A vault sentinel (Vaults:5)
  2 freezing wraiths
  18 yaktaurs
  A tarantella (Spider:4)
  3 orc warriors
  2 slaves (D:4)
  A swamp drake (Lair:6)
  An ogre (Vaults:1)
  A tengu (shapeshifter) (Vaults:3)
  3 centaurs (Vaults:3)
  A human simulacrum (Vaults:1)
  2 orc priests
  2 orc wizards (Vaults:1)
  6 orcs
  50 fungi
  31 plants
  13 toadstools (Lair:6)
218 creatures vanquished.

Grand Total: 1659 creatures vanquished

Notes
Turn   | Place    | Note
-------+----------+-------------------------------------------
     0 | D:1      | Vettrii the Draconian Assassin began the quest for the Orb.
     0 | D:1      | Reached XP level 1. HP: 17/17 MP: 1/1
   271 | D:1      | Reached XP level 2. HP: 24/24 MP: 2/2
   278 | D:1      | Reached skill level 4 in Stealth
   289 | D:1      | Reached skill level 1 in Dodging
   713 | D:1      | Reached XP level 3. HP: 23/30 MP: 3/3
  2100 | D:2      | Reached XP level 4. HP: 28/37 MP: 4/4
  2290 | D:3      | Found a bloodstained altar of Trog.
  2777 | D:3      | Noticed Jessica
  2790 | D:3      | Killed Jessica
  2790 | D:3      | Reached XP level 5. HP: 20/44 MP: 1/5
  3233 | D:4      | Found a sand-covered staircase.
  3238 | Ossuary  | Entered an ossuary
  3273 | Ossuary  | Reached XP level 6. HP: 44/51 MP: 4/6
  3346 | Ossuary  | Noticed a flying skull
  3346 | Ossuary  | Noticed a wraith
  3360 | Ossuary  | Reached skill level 5 in Short Blades
  3361 | Ossuary  | Noticed a flying skull
  3371 | Ossuary  | Noticed a flying skull
  3377 | Ossuary  | Noticed a wraith
  3379 | Ossuary  | Killed a wraith
  3379 | Ossuary  | Reached skill level 5 in Stealth
  3379 | Ossuary  | Your scales start taking on an icy white colour.
  3379 | Ossuary  | Reached XP level 7. HP: 57/57 MP: 7/7
  3379 | Ossuary  | Gained mutation: Your flesh is cold resistant. (rC+) [White
                  | Draconian growth]
  3385 | Ossuary  | Noticed a flying skull
  3392 | Ossuary  | Reached skill level 1 in Shields
  3400 | Ossuary  | Noticed a flying skull
  3407 | Ossuary  | Noticed a wraith
  3422 | Ossuary  | Killed a wraith
  3706 | D:4      | Noticed Menkaure
  3712 | D:4      | Killed Menkaure
  3933 | D:4      | Found a shadowy altar of Dithmenos.
  3981 | D:4      | Noticed Pikel
  3996 | D:4      | Killed Pikel
  3996 | D:4      | Reached skill level 6 in Stealth
  3996 | D:4      | Reached XP level 8. HP: 31/67 MP: 4/8
  4259 | D:4      | Noticed Natasha
  4266 | D:4      | Killed Natasha
  4298 | D:4      | Noticed Dowan
  4298 | D:4      | Noticed Duvessa
  4315 | D:4      | Killed Dowan
  4315 | D:4      | Reached skill level 7 in Stealth
  4385 | D:4      | Killed Duvessa
  4536 | D:4      | Found an opulent altar of Gozag.
  4565 | D:4      | Became a worshipper of Gozag Ym Sagoz the Greedy
  4596 | D:4      | Learned a level 2 spell: Ensorcelled Hibernation
  4627 | D:4      | Found a staircase to the Ecumenical Temple.
  4821 | D:5      | Entered Level 5 of the Dungeon
  4823 | D:5      | Found a shattered altar of Ashenzari.
  5008 | D:5      | Noticed Sigmund
  5008 | D:5      | Noticed Blork the orc
  5235 | D:6      | Reached skill level 5 in Fighting
  5272 | D:6      | Reached XP level 9. HP: 58/74 MP: 7/9
  5335 | D:6      | Reached skill level 8 in Stealth
  5432 | D:6      | Found an opulent altar of Gozag.
  7062 | D:7      | Found a glowing golden altar of the Shining One.
  7508 | D:7      | Noticed Maggie
  7540 | D:7      | Killed Maggie
  7540 | D:7      | Reached skill level 5 in Dodging
  7540 | D:7      | Reached skill level 9 in Stealth
  8015 | D:8      | Found Arit's Jewellery Boutique.
  8024 | D:8      | Got a slimy dagger
  8028 | D:8      | Identified the cursed +1 dagger "Fish" {speed, Int+2 Dex+3}
                  | (You found it on level 8 of the Dungeon)
  8086 | D:8      | Found a transporter.
  8086 | D:8      | Found a transporter.
  8086 | D:8      | Noticed kelmiir's ghost (novice OpTm)
  8141 | D:8      | Noticed Joseph
  8154 | D:8      | Killed Joseph
  8154 | D:8      | Reached XP level 10. HP: 83/83 MP: 10/10
  8156 | D:8      | Noticed a two-headed ogre
  8500 | D:8      | Killed a two-headed ogre
  8886 | D:9      | Found a staircase to the Lair.
  8893 | D:9      | Reached skill level 10 in Stealth
  9807 | D:9      | Found a staircase to the Orcish Mines.
  9807 | D:9      | Found Koan Huq's Weapon Emporium.
  9808 | D:9      | Found Ubrinie's Armour Emporium.
  9993 | D:9      | Bought a +2 pair of gloves for 231 gold pieces
 10010 | D:9      | Found Ehytz's Magic Scroll Emporium.
 10020 | D:9      | Bought a scroll of identify for 28 gold pieces
 10020 | D:9      | Bought a scroll of identify for 28 gold pieces
 10020 | D:9      | Bought a scroll of identify for 28 gold pieces
 10020 | D:9      | Bought a scroll of identify for 28 gold pieces
 10020 | D:9      | Bought a scroll of magic mapping for 49 gold pieces
 10020 | D:9      | Bought a scroll of identify for 28 gold pieces
 10020 | D:9      | Bought a scroll of enchant armour for 105 gold pieces
 10020 | D:9      | Bought a scroll of blinking for 105 gold pieces
 10111 | D:9      | Reached XP level 11. HP: 91/91 MP: 11/11
 10593 | D:5      | Noticed Grinder
 10615 | D:5      | Killed Grinder
 10615 | D:5      | Reached skill level 10 in Short Blades
 10631 | D:5      | Learned a level 1 spell: Corona
 10635 | D:5      | Learned a level 3 spell: Dazzling Flash
 10689 | D:5      | Killed Blork the orc
 10718 | D:5      | Killed Sigmund
 10864 | D:5      | Found a shimmering altar of Xom.
 10999 | D:5      | Found a burning altar of Makhleb.
 11187 | D:10     | Entered Level 10 of the Dungeon
 11260 | D:10     | Reached skill level 1 in Spellcasting
 11310 | D:10     | Noticed a two-headed ogre
 11321 | D:10     | Killed a two-headed ogre
 11321 | D:10     | Reached skill level 11 in Stealth
 11364 | D:10     | Noticed Josephine
 11381 | D:10     | Killed Josephine
 11455 | D:10     | Found a transporter.
 11457 | D:10     | Found a transporter.
 11457 | D:10     | Noticed playitleo's ghost (journeyman GrFi)
 11457 | D:10     | Noticed a white ugly thing
 11467 | D:10     | Noticed Erolcha
 11538 | D:10     | Killed Erolcha
 11659 | D:10     | Found a runed translucent door.
 11862 | D:10     | Noticed an orc knight
 12004 | D:10     | Killed an orc knight
 12007 | D:10     | Found a roughly hewn altar of Beogh.
 12247 | D:11     | Noticed an unseen horror
 12262 | D:11     | Killed an unseen horror
 12355 | D:11     | Noticed a seven-headed hydra
 12370 | D:11     | Killed a seven-headed hydra
 12370 | D:11     | Reached XP level 12. HP: 15/101 MP: 16/18
 12370 | D:11     | HP: 1/101 [gargoyle/stone arrow (14)]
 12569 | D:11     | Noticed Snorg
 12572 | D:11     | Killed Snorg
 12731 | D:11     | Noticed an eight-headed hydra
 12743 | D:11     | HP: 5/103 [eight-headed hydra (7)]
 12745 | D:11     | Killed an eight-headed hydra
 13206 | D:11     | Reached skill level 12 in Stealth
 13787 | D:12     | Found Kocebbus's Antique Armour Boutique.
 14130 | D:12     | Reached skill level 5 in Spellcasting
 15971 | D:12     | Noticed a fire dragon
 15974 | D:12     | Killed a fire dragon
 15976 | D:12     | Identified the Guide on Arcane Weapons and Ignition
 16000 | D:12     | Reached XP level 13. HP: 93/113 MP: 21/21
 16024 | D:12     | Learned a level 2 spell: Passwall
 16087 | D:12     | Reached skill level 10 in Dodging
 16384 | D:12     | Learned a level 2 spell: Blink
 16388 | D:12     | Learned a level 3 spell: Mephitic Cloud
 16453 | D:12     | Learned a level 4 spell: Petrify
 16622 | D:13     | Reached skill level 10 in Fighting
 16768 | D:13     | Reached skill level 13 in Stealth
 17173 | D:13     | Found a gate to the Vaults.
 17905 | D:13     | Noticed Jorgrun
 17921 | D:13     | Killed Jorgrun
 18346 | D:13     | Identified a scroll of acquirement
 18379 | D:14     | Found Ceenn's Magic Scroll Boutique.
 18382 | D:14     | Bought a scroll of enchant weapon for 105 gold pieces
 18382 | D:14     | Bought a scroll of identify for 28 gold pieces
 18382 | D:14     | Bought a scroll of identify for 28 gold pieces
 18382 | D:14     | Bought a scroll of blinking for 105 gold pieces
 18382 | D:14     | Bought a scroll of identify for 28 gold pieces
 18382 | D:14     | Bought a scroll of identify for 28 gold pieces
 18412 | D:14     | Found a gate leading to a gauntlet.
 18449 | Gauntlet | Entered a Gauntlet
 18449 | Gauntlet | Found a transporter.
 18451 | Gauntlet | Found a runed translucent door.
 18452 | Gauntlet | Found a transporter.
 18453 | Gauntlet | Found a transporter.
 18453 | Gauntlet | Found a runed translucent door.
 18458 | Gauntlet | Found a transporter.
 18465 | Gauntlet | Found a transporter.
 18465 | Gauntlet | Found a transporter.
 18468 | Gauntlet | Found a transporter.
 18470 | Gauntlet | Found a transporter.
 18478 | Gauntlet | Noticed a death ooze
 18531 | Gauntlet | Found a transporter.
 18543 | Gauntlet | Found a transporter.
 18543 | Gauntlet | Found a transporter.
 18588 | Gauntlet | Found a transporter.
 18673 | Gauntlet | Got a twitching jade ring
 18676 | Gauntlet | Identified the ring "Ucutixo" {rC- rN++ Str+6 Dex+2} (You
                  | found it in a Gauntlet)
 18702 | Gauntlet | Killed a death ooze
 18758 | Gauntlet | Noticed a minotaur
 18782 | Gauntlet | Killed a minotaur
 18951 | D:14     | You fall into a shaft and drop 1 floor!
 18951 | D:15     | Entered Level 15 of the Dungeon
 19263 | D:15     | Reached skill level 14 in Stealth
 19716 | D:15     | Reached XP level 14. HP: 103/122 MP: 25/25
 19939 | D:15     | Found a staircase to the Depths.
 20829 | D:14     | Learned a level 7 spell: Dragon Form
 21037 | D:14     | Found a glowing golden altar of the Shining One.
 21083 | D:14     | Reached skill level 1 in Hexes
 21831 | Lair:1   | Entered Level 1 of the Lair of Beasts
 21932 | Lair:1   | Noticed Gastronok
 21941 | Lair:1   | Killed Gastronok
 23412 | Lair:2   | Learned a level 6 spell: Invisibility
 23609 | Lair:2   | Reached skill level 15 in Stealth
 23747 | Lair:2   | Reached XP level 15. HP: 105/132 MP: 27/27
 25142 | Lair:3   | Found a frozen archway.
 25168 | IceCv    | Entered an ice cave
 25901 | IceCv    | Noticed a frost giant
 26141 | IceCv    | Killed a frost giant
 26867 | Lair:3   | Found a hole to the Spider Nest.
 28454 | Lair:4   | Found a staircase to the Swamp.
 29930 | Lair:6   | Entered Level 6 of the Lair of Beasts
 29999 | Lair:6   | Found a staircase to the Slime Pits.
 30867 | Lair:6   | Found a blossoming altar of Fedhas.
 31393 | Lair:6   | Reached skill level 5 in Hexes
 32014 | Lair:6   | Reached XP level 16. HP: 137/141 MP: 29/29
 33001 | Orc:1    | Entered Level 1 of the Orcish Mines
 33397 | Orc:2    | Entered Level 2 of the Orcish Mines
 33505 | Orc:2    | Found Vont's Gadget Shop.
 33563 | Orc:2    | Found Pedimuirgh's Armour Shop.
 33571 | Orc:2    | Bought a +0 pair of gloves of strength for 126 gold pieces
 33571 | Orc:2    | Bought a +2 pair of boots of running for 456 gold pieces
 33941 | Orc:2    | Found Femo's Weapon Shoppe.
 33974 | Orc:2    | Found Gidwifiv's Food Emporium.
 33989 | Orc:2    | Bought a ration for 50 gold pieces
 33989 | Orc:2    | Bought a ration for 50 gold pieces
 33989 | Orc:2    | Bought a ration for 50 gold pieces
 33989 | Orc:2    | Bought a ration for 50 gold pieces
 33989 | Orc:2    | Bought a ration for 50 gold pieces
 33989 | Orc:2    | Bought a ration for 50 gold pieces
 33989 | Orc:2    | Bought a ration for 50 gold pieces
 33989 | Orc:2    | Bought a ration for 50 gold pieces
 33989 | Orc:2    | Bought a ration for 50 gold pieces
 33989 | Orc:2    | Bought a ration for 50 gold pieces
 33989 | Orc:2    | Bought a ration for 50 gold pieces
 34222 | Orc:2    | Found a staircase to the Elven Halls.
 34241 | Orc:2    | Reached skill level 10 in Spellcasting
 34909 | Orc:2    | Found a roughly hewn altar of Beogh.
 35208 | Orc:2    | Found Wommizie's General Store.
 35214 | Orc:2    | Found Ycholus's Book Boutique.
 35451 | Orc:2    | Bought a book of Spatial Translocations for 910 gold pieces
 35465 | Orc:2    | Found Fufruam's Antique Armour Boutique.
 35480 | Orc:2    | Found Avyom's Antique Weapon Boutique.
 36441 | Spider:1 | Entered Level 1 of the Spider Nest
 37686 | Spider:2 | Noticed Arachne
 37720 | Spider:2 | Noticed Azrael
 37752 | Spider:2 | Killed Azrael
 37757 | Spider:2 | Killed Arachne
 39372 | Spider:4 | Entered Level 4 of the Spider Nest
 39832 | Spider:4 | Reached XP level 17. HP: 99/149 MP: 31/31
 40109 | Spider:4 | Reached skill level 16 in Stealth
 41750 | Spider:4 | Got a gossamer rune of Zot
 42359 | Vaults:1 | Entered Level 1 of the Vaults
 43263 | Vaults:1 | You fall into a shaft and drop 1 floor!
 43317 | Vaults:2 | You fall into a shaft and drop 2 floors!
 44573 | Vaults:5 | Entered Level 5 of the Vaults
 44617 | Vaults:4 | Reached XP level 18. HP: 44/159 MP: 33/33
 47252 | Vaults:2 | Found a staircase to the Crypt.
 48556 | Vaults:2 | Reached skill level 17 in Stealth
 48868 | Vaults:1 | You fall into a shaft and drop 1 floor!
 49119 | Vaults:1 | Reached skill level 1 in Translocations
 49963 | Vaults:1 | Reached XP level 19. HP: 169/169 MP: 35/35
 50046 | Vaults:1 | Reached skill level 15 in Fighting
 50925 | Vaults:2 | Reached skill level 15 in Dodging
 52079 | Vaults:5 | Noticed a golden dragon
 52103 | Vaults:5 | Killed a golden dragon
 52103 | Vaults:5 | Reached skill level 10 in Hexes
 52104 | Vaults:5 | Noticed an ancient lich
 52126 | Vaults:5 | Killed an ancient lich
 52272 | Vaults:5 | Killed a lich
 52599 | Vaults:5 | Noticed a lich
 52608 | Vaults:5 | Killed a lich
 53440 | Vaults:5 | Identified the +0 leather armour of the Cockatrice {Harm}
 53547 | Vaults:5 | Identified the ring "Impoxzets" {rN++ Int+4 Stlth+}
 53726 | Vaults:5 | Identified the cursed +0 plate armour of Generosity {rElec}
 53932 | Vaults:5 | Reached XP level 20. HP: 146/180 MP: 36/36
 54158 | Vaults:5 | Found Zeseinev's Weapon Shoppe.
 54518 | Vaults:5 | Got a silver rune of Zot
 55157 | Vaults:5 | HP: 2/180 [titan/bolt of lightning (28)]
 55639 | Vaults:5 | Noticed a golden dragon
 55692 | Vaults:5 | Killed a golden dragon
 55745 | Vaults:5 | Mangled by an ettin

Illustrated notes

Levels and vault maps discovered:
D:1:      shiori_arrival_maze, layout_loops_corners, minmay_misc_feat_nine_boxes
D:2:      layout_basic, first_ration, minmay_split_cup_large
D:3:      layout_rooms, lemuel_crystal_altar, kennysheep_jessica_study
D:4:      layout_loops_ring, old_standard_altar, overflow_temple_1_default,
          minmay_temple_entry_gardened_gates, enter_ossuary_5, uniq_duvessa,
          uniq_menkaure, uniq_pikel, uniq_natasha
D:5:      layout_rooms, ashenzari_altar_1,
          grunt_temple_overflow_champion_of_chaos, grunt_decor_resistance,
          uniq_grinder, uniq_sigmund, uniq_blork_the_orc
D:6:      layout_basic, minmay_misc_feat_columns, minmay_crystal_room,
          grunt_gozag_statues
D:7:      layout_rooms, kennysheep_mini_moat, uniq_maggie
D:8:      layout_gridville, gammafunk_ghost_arena, serial_shops, shop,
          uniq_joseph
D:9:      layout_roguey, erik_lair_orcish_takeover, orc_david_3, serial_shops,
          shop_fountains, david_nohive_1
D:10:     layout_roguey, gammafunk_ghost_arena, lightli_church_of_beogh,
          uniq_josephine, uniq_erolcha
D:11:     layout_basic, uniq_snorg
D:12:     minmay_the_grid_square_5x5_4x4 [minmay_the_grid_square_5x5_tri_point,
          minmay_the_grid_square_5x5_inner_i,
          minmay_the_grid_square_5x5_six_small, minmay_the_grid_square_5x5_mess,
          minmay_the_grid_square_5x5_eight,
          minmay_the_grid_square_5x5_prize_open,
          minmay_the_grid_square_5x5_prize_junk,
          minmay_the_grid_square_5x5_minibox, minmay_the_grid_square_5x5_two,
          minmay_the_grid_square_5x5_prize_waves,
          minmay_the_grid_square_5x5_prize_pseudospiral,
          minmay_the_grid_square_5x5_bracketed,
          minmay_the_grid_square_5x5_minivault,
          minmay_the_grid_square_5x5_two_walls_b,
          minmay_the_grid_square_5x5_longway,
          minmay_the_grid_square_5x5_three_walls], layout_cave_pods,
          serial_shops, shop
D:13:     layout_stronghold, lightli_vaults_fourway_checkpoint, uniq_jorgrun
D:14:     layout_irregular_city, gauntlet_entry_generic, serial_shops, shop,
          nicolae_tso_swordbearing_angel
D:15:     grunt_enter_depths_magical_seal, layout_loops_cross,
          small_statue_intersection
Lair:1:   layout_cave_pods, minivault_11, uniq_gastronok
Lair:2:   mu_elephants_graveyard, layout_misc_corridors, special_room
          [special_room_bee], zaba_antful_of_joy
Lair:3:   layout_chaotic_city, spider_nest_entry_web_field,
          portal_ice_cave_entry_imps, chequers_serial_rivers_small_3,
          minmay_lair_oklob_chamber
Lair:4:   layout_gridlike, palyth_hydra_swamp_entry, patterned_corridor,
          serial_bayou_shore_b
Lair:5:   layout_long_grid, minmay_lair_oklob_items
Lair:6:   guppyfry_lair_end_dragon, layout_gridlike,
          hangedman_lair_caniforms_friends, minmay_slime_entry_jelly_boxes,
          st_stairs_12, tgw_fedhas
Spider:1: layout_spider_delve, uniq_donald
Spider:2: layout_chambers, nicolae_orb_island, uniq_arachne, uniq_azrael
Spider:3: layout_spider_delve, hangedman_stitches_earthworm,
          nicolae_spider_cling_ruins
Spider:4: grunt_spider_rune_island, drop_trap, uniq_nikola
Orc:1:    layout_caves
Orc:2:    grunt_orc_cross, layout_diamond_mine, serial_shops, shop,
          nicolae_shop_waterfront, nicolae_shop_stone, nicolae_shop_trees
Vaults:1: nicolae_vaults_stairing_the_circle, hangedman_vaults_nails, v_misc_16,
          hangedman_vaults_slice, nicolae_vaults_angled_halls,
          hangedman_vaults_stitches, st_more_cells, nicolae_vaults_angled_halls,
          v_pattern_3, nicolae_vaults_network_s, layout_vaults_omnicross
Vaults:2: v_pattern_5, v_misc_22, minmay_crypt_entry_simple_round, v_misc_30,
          vaults_room_corners, v_alt_pattern_6, v_misc_17,
          vaults_room_door_ring, vaults_room_corners,
          nicolae_vaults_little_squares_5, layout_vaults_ring
Vaults:3: nicolae_vaults_angled_halls, nicolae_vaults_network_periphery,
          hangedman_vaults_slice, hangedman_vaults_maws, st_cross,
          hangedman_vaults_corner_blocks, vaults_mumra_minichess,
          vaults_room_door_ring, vaults_room_octagon, layout_vaults_omnigrid
Vaults:4: hangedman_vaults_corner, grunt_vaults_bifocal,
          nicolae_vaults_border_crossing, layout_vaults_chaotic_city
Vaults:5: serial_shops

Skill      XL: |  1  2  3  4  5  6  7  8  9 10 11 12 13 14 15 16 17 18 19 20 |
---------------+-------------------------------------------------------------+-----
Stealth        | 4 5 6 7 9 10 11 12 14 15 16 17 | 17.8
Dodging        | 1 2 3 5 6 8 9 11 12 13 14 15 | 15.9
Short Blades   | 3 4 5 6 7 8 9 10 12 14 | 14.0
Fighting       | 3 4 5 6 8 9 10 11 12 13 14 16 | 16.2
Shields        | 1 3 4 |  4.0
Spellcasting   | 4 5 7 8 9 10 11 12 13 | 13.0
Hexes          | 3 5 6 8 9 10 | 10.7
Translocations | 1 |  1.0
Throwing       | |  1.7
Conjurations   | |  0.4
Air Magic      | |  0.1

Action                   |  1- 3 |  4- 6 |  7- 9 | 10-12 | 13-15 | 16-18 | 19-21 || total
-------------------------+-------+-------+-------+-------+-------+-------+-------++-------
Melee: Dagger            |   122 |    92 |   369 |   829 |  1897 |       |       ||  3309
       Tailslap          |    13 |    11 |    53 |   115 |   436 |   441 |   198 ||  1267
       Rapier            |       |       |       |       |   410 |  2241 |   730 ||  3381
Throw: Dart              |       |       |     5 |       |       |       |     2 ||     7
 Cast: Dazzling Flash    |       |       |       |       |     4 |       |       ||     4
       Mephitic Cloud    |       |       |       |       |     1 |       |       ||     1
       Blink             |       |       |       |       |       |     3 |       ||     3
Invok: Potion Petition   |       |       |       |     1 |     1 |     6 |     1 ||     9
       Bribe Branch      |       |       |       |       |       |     2 |       ||     2
 Abil: Breathe Frost     |       |       |     2 |     5 |     2 |     1 |       ||    10
  Use: Scroll            |       |     3 |    19 |     5 |    22 |    11 |     7 ||    67
       Potion            |       |       |     2 |     2 |    11 |     8 |     4 ||    27
 Stab: Sleeping          |     8 |    10 |    20 |    24 |    58 |    51 |     4 ||   175
       Distracted        |       |       |     1 |     6 |    21 |    41 |    16 ||    85
       Invisible         |       |       |       |       |     5 |     6 |       ||    11
       Confused          |       |       |       |       |     2 |       |       ||     2
       Held in net/web   |       |       |       |       |     1 |     3 |       ||     4
  Eat: Chunk             |     3 |     4 |     1 |       |       |       |       ||     8
       Ration            |       |       |     5 |     7 |    17 |    16 |     6 ||    51
Armor: Skin              |    43 |    23 |    52 |    74 |   310 |   358 |   103 ||   963
Dodge: Dodged            |    77 |    49 |   135 |   278 |  1118 |  1167 |   259 ||  3083
Block: Buckler           |       |     8 |    70 |   261 |   877 |  1086 |   254 ||  2556
       Reflection        |       |       |     4 |    11 |    22 |    37 |    17 ||    91
